 Dungeon Crawl Stone Soup version 0.27-a0-732-ga892ba84f6 (webtiles) character file.

Game seed: 15670176692414767657

404 rageheart7 the Skirmisher (level 6, -5/52 HPs)
             Began as a Demonspawn Wanderer on Mar 23, 2021.
             Succumbed to an orc wizard's poison
             ... on level 5 of the Dungeon.
             The game lasted 00:08:29 (4997 turns).

rageheart7 the Skirmisher (Demonspawn Wanderer)     Turns: 4997, Time: 00:08:30

Health: -5/52      AC: 17    Str: 16    XL:     6   Next: 56%
Magic:  7/7        EV:  8    Int: 12    God:
Gold:   223        SH:  0    Dex: 12    Spells: 7/7 levels left

rFire    . . .     SeeInvis .   i - +2 trident (protect)
rCold    . . .     Faith    .   e - +0 buckler
rNeg     . . .     Spirit   .   k - +0 scale mail
rPois    .         Reflect  .   (helmet restricted)
rElec    .         Harm     .   p - +1 cloak
rCorr    .         Rampage  .   l - +0 pair of gloves
Will     .....                  (no boots)
Stlth    ..........             (no amulet)
HPRegen  0.17/turn              (no ring)
MPRegen  0.10/turn              (no ring)

@: confused, lethally poisoned (-5 -> -21), ambrosia-drunk, protection aura,
invisible
A: antennae 2, rugged brown scales 1
a: no special abilities


You were on level 5 of the Dungeon.
You visited 1 branch of the dungeon, and saw 5 of its levels.

You collected 223 gold pieces.

Inventory:

Hand Weapons
 i - a +2 trident of protection (weapon)
Armour
 e - a +0 buckler (worn)
 k - a +0 scale mail (worn)
 l - a +0 pair of gloves (worn)
 p - a +1 cloak (worn)
Jewellery
 b - a +4 ring of slaying
Wands
 o - a wand of random effects (14)
Scrolls
 d - 3 scrolls of teleportation
 h - 2 scrolls of amnesia
Potions
 g - a potion of mutation {unknown}
 j - a potion of attraction


   Skills:
 + Level 5.4 Fighting
 * Level 5.0 Polearms
 - Level 2.6 Stealth
 - Level 0.1 Shields
 - Level 1.0 Spellcasting
 - Level 2.0 Conjurations


You had 7 spell levels left.
You didn't know any spells.
Your spell library contained the following spells:

 Spells                   Type           Power      Damage    Failure   Level
 Animate Skeleton         Necr           0%         N/A       88%         1
 Apportation              Tloc           0%         N/A       88%         1
 Corona                   Hex            0%         N/A       88%         1
 Summon Small Mammal      Summ           0%         N/A       88%         1


Dungeon Overview and Level Annotations

Branches:
Dungeon (5/15)
 Temple: D:4-7

Altars:
Uskayaw
Xom

Shops:
D:1 [

Annotations:
D:5 1 runed translucent door, Crazy Yiuf


Innate Abilities, Weirdness & Mutations

You have a pair of antennae on your head.
You are partially covered in rugged brown scales. (AC +1, +3% HP)


Message History

You feel extremely sick. Something hits you but does no damage.
You are lethally poisoned!
You feel much better.
You feel very sick. Something hits you but does no damage.
You are more poisoned.
You hit something.
* * * LOW HITPOINT WARNING * * *
You feel extremely sick. Something hits you but does no damage.
You are more poisoned.
You miss something.
* * * LOW HITPOINT WARNING * * *
You feel very sick. You block something's attack.
You hear some strange, mumbled words.
You are confused.
You feel much better.
You feel sick. Something hits you but does no damage.
You are more poisoned.
You barely miss something.
You feel extremely sick. Something hits you but does no damage.
You are more poisoned.
You hit something.
* * * LOW HITPOINT WARNING * * *
You feel extremely sick. Something hits you but does no damage.
You are lethally poisoned!
It was a potion of ambrosia.
You are more confused.
You feel invigorated.
* * * LOW HITPOINT WARNING * * *
You feel extremely sick. Something hits you.
* * * LOW HITPOINT WARNING * * *
You are more poisoned.
It was a potion of invisibility.
You fade into invisibility!
You die...

#... ###############
!......................
.......# ##.....#######
###.....# #.....#
........# #.....#
#......####.....#
.#...............#
.......{)........#
.......@.........#
........####.....#
........# #######
........# ........#
..>.....# .........
.###.####


There were no monsters in sight!

Vanquished Creatures
  A scorpion (D:5)
  A hound (D:4)
  A centaur skeleton (D:2)
  An orc priest (D:4)
  2 orc wizards (D:4)
  A howler monkey skeleton (D:5)
  Robin (D:4)
  7 adders
  A white imp (D:5)
  A worm (D:2)
  A dart slug (D:1)
  14 orcs
  6 ball pythons
  6 giant cockroaches
  6 hobgoblins
  2 jackals (D:2)
  6 kobolds
  11 oozes
  2 quokkas (D:1)
  9 bats
  6 frilled lizards
  15 goblins
  A quokka skeleton (D:4)
  11 rats
113 creatures vanquished.

Notes
Turn   | Place    | Note
-------+----------+-------------------------------------------
     0 | D:1      | rageheart7 the Demonspawn Wanderer began the quest for the
                  | Orb.
     0 | D:1      | rageheart7 set off with the following items: a +2 spear, 2
                  | potions of lignification, a +0 robe, a +0 dagger
     0 | D:1      | Reached XP level 1. HP: 19/19 MP: 2/2
     8 | D:1      | Noticed a minotaur skeleton
   152 | D:1      | Gained mutation: You have a pair of small antennae on your
                  | head. [demonic ancestry]
   152 | D:1      | Reached XP level 2. HP: 26/26 MP: 3/3
   977 | D:1      | Gained mutation: You have a pair of antennae on your head.
                  | [demonic ancestry]
   977 | D:1      | Reached XP level 3. HP: 32/32 MP: 4/4
  1110 | D:1      | Found Gaiquczu's Antique Armour Boutique.
  1221 | D:2      | Reached skill level 1 in Polearms
  1510 | D:2      | Reached skill level 5 in Fighting
  1510 | D:2      | Reached XP level 4. HP: 30/39 MP: 5/5
  2376 | D:3      | Reached XP level 5. HP: 42/44 MP: 6/6
  2728 | D:3      | Found a hide-covered altar of Uskayaw.
  3295 | D:4      | Found a shimmering altar of Xom.
  3307 | D:4      | Noticed Robin
  3349 | D:4      | Killed Robin
  3661 | D:4      | Gained mutation: You are partially covered in rugged brown
                  | scales. (AC +1, +3% HP) [demonic ancestry]
  3661 | D:4      | Reached XP level 6. HP: 30/52 MP: 7/7
  4467 | D:5      | Entered Level 5 of the Dungeon
  4940 | D:5      | Found a runed translucent door.
  4941 | D:5      | Noticed Crazy Yiuf
  4978 | D:5      | Reached skill level 5 in Polearms
  4996 | D:5      | HP: 2/52 [something (4)]
  4997 | D:5      | Succumbed to an orc wizard's poison

Illustrated notes

Levels and vault maps discovered:
D:1:      shiori_arrival_whats_in_store_for_you, layout_loops_ring,
          serial_shops, shop
D:2:      layout_loops_cross, minmay_split_cup_large
D:3:      layout_rooms, overflow_temple_1_default, minmay_between
D:4:      layout_cave_pools, xom_butterflies, uniq_robin
D:5:      layout_basic, uniq_prince_ribbit1, uniq_grinder,
          uniq_crazy_yiuf_cottage, uniq_ijyb

Skill      XL: |  1  2  3  4  5  6 |
---------------+-------------------+-----
Polearms       | 2 3 4 5 |  5.0
Fighting       | 5 |  5.4
Stealth        | |  2.6
Shields        | |  0.1
Spellcasting   | |  1.0
Conjurations   | |  2.0

Action                   |  1- 3 |  4- 6 || total
-------------------------+-------+-------++-------
Melee: Spear             |   122 |    11 ||   133
       Trident           |       |   236 ||   236
  Use: Scroll            |       |     7 ||     7
       Potion            |       |     9 ||     9
 Stab: Sleeping          |    10 |     1 ||    11
Armor: Robe              |    20 |    32 ||    52
       Scale mail        |       |   131 ||   131
       Skin              |       |   111 ||   111
Dodge: Dodged            |    46 |   124 ||   170
Block: Buckler           |     9 |    58 ||    67

Table legend: (Time is in decaauts)
 A = Elapsed time spent in this place.
 B = Non-inter-level travel time spent in this place.
 C = Inter-level travel time spent in this place.
 D = Time resting spent in this place.
 E = Time spent auto-exploring this place.
 F = Levels seen in this place.
 G = Mean time per level.
                   A        B        C        D        E       F      G
               +--------+--------+--------+--------+--------+-----+--------+
         Total |   5064 |   4934 |    130 |   1009 |   3102 |   5 | 1012.8 |
       Dungeon |   5064 |   4934 |    130 |   1009 |   3102 |   5 | 1012.8 |
               +--------+--------+--------+--------+--------+-----+--------+

Top non-repeatable levels by time:
     D:4: 1554 daAuts
     D:1: 1228 daAuts
     D:2: 969 daAuts
     D:3: 777 daAuts
     D:5: 534 daAuts
